 Dungeon Crawl Stone Soup version 0.30.1-4-g462c640d31 (webtiles) character file.

Game seed: 73991899082320893

282 booth the Chopper (level 6, -2/53 HPs)
             Began as a Draconian Monk on Aug 16, 2023.
             Was an Initiate of Gozag.
             Slain by an iguana (5 damage)
             ... on level 4 of the Dungeon.
             The game lasted 00:14:08 (2846 turns).

booth the Chopper (Draconian Monk)                  Turns: 2846, Time: 00:14:09

Health: -2/53      AC:  7    Str: 16    XL:     6   Next: 6%
Magic:  6/6        EV: 13    Int: 10    God:    Gozag
Gold:   242        SH:  0    Dex: 13    Spells: 5/5 levels left

rFire   . . .        a - +1 hand axe
rCold   . . .        c - orb {light}
rNeg    . . .        (body armour unavailable)
rPois   .            (helmet restricted)
rElec   .            (no cloak)
rCorr   .            l - +0 pair of gloves
SInv    .            (no boots)
Will    .....        (no amulet)
Stlth   +            (no ring)
HPRegen 0.28/turn    (no ring)
MPRegen 0.10/turn

%: no passive effects
@: glowing
A: AC +6, unfitting armour, cold-blooded, mutation resistance 1
a: Renounce Religion, Potion Petition, Call Merchant, Bribe Branch


You were on level 4 of the Dungeon.
You worshipped Gozag.
Gozag was aware of your devotion.
You visited 2 branches of the dungeon, and saw 5 of its levels.

You collected 242 gold pieces.

Inventory:

Hand Weapons
 a - a +1 hand axe (weapon)
 i - a +0 war axe
Missiles
 k - 8 poisoned darts (quivered)
Armour
 c - an orb of light (worn)
 l - a +0 pair of gloves (worn)
Jewellery
 e - a ring of see invisible
 t - a ring of magical power
Scrolls
 d - a scroll of butterflies {unknown}
 g - 2 scrolls of magic mapping
 j - a scroll of fear
 r - a scroll of enchant armour {unknown}
Potions
 b - a potion of ambrosia
 f - 3 potions of flight
 h - a potion of degeneration {unknown}
 m - a potion of haste
 n - 2 potions of curing
 o - a potion of magic
 q - a potion of heal wounds {unknown}


   Skills:
 + Level 4.7 Fighting
 * Level 5.2 Axes
 + Level 3.8 Dodging


You had 5 spell levels left.
You didn't know any spells.
Your spell library contained the following spells:

 Spells                   Type           Power      Damage    Failure   Level
 Beastly Appendage        Tmut           0%         N/A       36%         1
 Slow                     Hex            0%         N/A       36%         1
 Sublimation of Blood     Necr           0%         N/A       50%         2
 Wereblood                Tmut           0%         N/A       50%         2
 Confusing Touch          Hex            0%         N/A       75%         3
 Spider Form              Tmut/Pois      0%         N/A       75%         3
 Vampiric Draining        Necr           0%         2d6       75%         3
 Summon Hydra             Summ           0%         N/A       100%        7


Dungeon Overview and Level Annotations

Branches:
Dungeon (4/15)             Temple (1/1) D:4

Altars:
Ashenzari
Cheibriados
Elyvilon
Fedhas
Gozag
Kikubaaqudgha
Makhleb
Ru
Trog
Uskayaw
Vehumet
Wu Jian
Xom
Yredelemnul
Zin
The Shining One


Innate Abilities, Weirdness & Mutations

Your plain brown scales are hard. (AC +6)
You cannot fit into any form of body armour.
You are cold-blooded and may be slowed by cold attacks.
You are somewhat resistant to further mutation.


Message History

You hit the iguana but do no damage.
The iguana is heavily wounded.
The iguana bites you!
You hit the iguana but do no damage.
The iguana is heavily wounded.
The iguana bites you! x2
You hit the iguana but do no damage.
You tail-slap the iguana, but do no damage.
The iguana is heavily wounded.
The iguana barely misses you.
You hit the iguana.
The iguana is severely wounded.
The iguana closely misses you.
You hit the iguana but do no damage.
The iguana is severely wounded.
The iguana bites you.
You barely miss the iguana.
The iguana is severely wounded.
The iguana bites you!
* * * LOW HITPOINT WARNING * * *
The iguana attacks as you move away! The iguana barely misses you.
You hit the iguana but do no damage.
The iguana is severely wounded.
The iguana barely misses you.
You hit the iguana but do no damage.
The iguana is severely wounded.
The iguana misses you.
You barely miss the iguana.
The iguana is severely wounded.
The iguana bites you!
* * * LOW HITPOINT WARNING * * *
Throw: 9 darts (poison)
Press: ? - help, Q - select action, (/) - cycle Shift-Dir - straight line, f - iguana
Aim: an iguana (severely wounded, haloed, 82% to hit)
You throw a poisoned dart. The poisoned dart hits the iguana.
The iguana is poisoned.
The iguana is severely wounded.
The iguana bites you.
You die...
Your body crumbles into a pile of gold.

..#.#.#
#..#
#.#.#.#
.. #.#
#.#.#.#
#.#
#.#.#.# #
##.#
..#.#.#
.##..##
###.#.#
..>..####
....#.#
#......#
#####.#
#......#
......#
#.@l...#
.###..#
###'####
......#
#######.#
#..>..#
#.......#
##...##
#.#######
##### #.#
##### #.#
....# #.#
....# #.#


You could see an iguana (poisoned).

Vanquished Creatures
  An ogre (D:4)
  A jelly (D:4)
  An iron imp (D:3)
  A gnoll (D:1)
  5 adders
  2 worms (D:2)
  5 ball pythons
  7 endoplasms
  2 giant cockroaches
  11 goblins
  8 hobgoblins
  10 jackals
  6 bats
  2 frilled lizards
  10 kobolds
  5 rats
  2 butterflies (D:4)
79 creatures vanquished.

Notes
Turn   | Place    | Note
-------+----------+-------------------------------------------
     0 | D:1      | booth the Draconian Monk began the quest for the Orb.
     0 | D:1      | Reached XP level 1. HP: 19/19 MP: 1/1
   112 | D:1      | Reached XP level 2. HP: 26/26 MP: 2/2
   569 | D:1      | Reached XP level 3. HP: 19/33 MP: 3/3
   883 | D:2      | Found a basalt altar of Yredelemnul.
   988 | D:2      | Reached skill level 4 in Axes
  1028 | D:2      | Reached XP level 4. HP: 37/40 MP: 4/4
  1219 | D:2      | Found a faded altar of an unknown god.
  1601 | D:3      | Found a blossoming altar of Fedhas.
  1727 | D:3      | Found a snail-covered altar of Cheibriados.
  1869 | D:3      | Reached XP level 5. HP: 46/46 MP: 5/5
  1909 | D:3      | Found a broken altar of Ashenzari.
  2222 | D:3      | Found an opulent altar of Gozag.
  2261 | D:3      | Became a worshipper of Gozag Ym Sagoz the Greedy
  2404 | D:3      | Gained mutation: You are somewhat resistant to further
                  | mutation. [potion of mutation]
  2515 | D:4      | Found a staircase to the Ecumenical Temple.
  2534 | Temple   | Entered the Ecumenical Temple
  2662 | D:4      | Noticed an ogre
  2670 | D:4      | Killed an ogre
  2671 | D:4      | Reached skill level 5 in Axes
  2677 | D:4      | Reached XP level 6. HP: 44/53 MP: 6/6
  2845 | D:4      | HP: 2/53 [iguana (12)]
  2846 | D:4      | Slain by an iguana

Illustrated notes

Levels and vault maps discovered:
D:1:      saegor_arrival_miasma, layout_basic, st_stairs_2, minmay_octomino_e4
D:2:      minmay_recursive_quarters, layout_rooms,
          shapermc_ecumenical_altar_hornbeckon, basic_altar
D:3:      layout_basic, fedhas_ov_isle_minmay, cheibrodos_ashenzari_chains,
          overflow_temple_1_default, slow_altar_2
D:4:      layout_basic, nicolae_overflow_crystal_walls,
          minmay_temple_entry_butterflies, serial_shops, shop
Temple:   chequers_temple_sunken

Skill      XL: |  1  2  3  4  5 |
---------------+----------------+-----
Dodging        | 3 |  3.8
Axes           | 4 5 |  5.2
Fighting       | 4 |  4.7

Action                     |  1- 3 |  4- 6 || total
---------------------------+-------+-------++-------
  Melee: Hand axe          |   101 |    85 ||   186
         Tailslap          |    13 |    11 ||    24
  Throw: Dart              |       |     6 ||     6
    Use: Scroll            |     2 |     6 ||     8
         Potion            |       |     3 ||     3
 Armour: Skin              |    19 |    20 ||    39
  Dodge: Dodged            |    80 |    47 ||   127
